 Dungeon Crawl Stone Soup version 0.21.1-1-g345015f (webtiles) character file.

72 lotte the Charmwright (level 4, -3/40 HPs)
             Began as a Naga Skald on June 24, 2018.
             Slain by a worker ant (6 damage)
             ... on level 2 of the Dungeon.
             The game lasted 00:11:58 (2528 turns).

lotte the Charmwright (Naga Skald)                  Turns: 2528, Time: 00:11:59

Health: -3/40      AC:  4    Str: 14    XL:     4   Next: 26%
Magic:  1/7        EV:  9    Int: 13    God:
Gold:   24         SH:  0    Dex: 11    Spells: 4/7 levels left

rFire    . . .     SeeInvis +   a - +0 mace
rCold    . . .     Gourm    .   (no shield)
rNeg     . . .     Faith    .   g - +0 ring mail
rPois    +         Spirit   .   (no helmet)
rElec    .         Reflect  .   (no cloak)
rCorr    .         Harm     .   (no gloves)
MR       .....                  (no barding)
Stlth    +.........             (no amulet)
HPRegen  0.13/turn              (no ring)
MPRegen  0.10/turn              (no ring)

@: lethally poisoned (-3 -> -4), very slightly contaminated, very slow
A: large, see invisible, deformed body, poison resistance, slowness 2, slow
metabolism 1, spit poison 1, AC +1
a: Spit Poison


You were on level 2 of the Dungeon.
You were not hungry.

You visited 1 branch of the dungeon, and saw 2 of its levels.

You collected 24 gold pieces.

Inventory:

Hand Weapons
 a - a +0 mace (weapon)
Armour
 b - a +0 leather armour
 d - a +0 scale mail
 g - a +0 ring mail (worn)
Jewellery
 l - a +3 ring of evasion {unknown}
Scrolls
 e - a scroll of amnesia {unknown}
 f - a scroll of teleportation {unknown}
 h - 2 scrolls of identify {unknown}
 k - a scroll of random uselessness {unknown}
Potions
 i - a potion of heal wounds {unknown}
 j - a potion of curing {unknown}
Books
 c - a book of Battle

   Spells                             Type                      Level
   a - Infusion                       Charms                       1
   b - Shroud of Golubria             Charms/Translocation         2
   c - Song of Slaying                Charms                       2
   d - Spectral Weapon                Hexes/Charms                 3
   e - Regeneration                   Charms/Necromancy            3
Comestibles
 m - a chunk of flesh


   Skills:
 + Level 2.3 Fighting
 + Level 2.7 Maces & Flails
 + Level 1.7 Armour
 + Level 2.0 Dodging
 + Level 2.4 Spellcasting
 - Level 3.0 Charms
 + Level 0.6 Translocations


You had 4 spell levels left.
You knew the following spells:

 Your Spells              Type           Power        Failure   Level  Hunger
a - Infusion              Chrm           #...         14%         1    #......
b - Shroud of Golubria    Chrm/Tloc      #.........   34%         2    ###....


Dungeon Overview and Level Annotations

Branches:
Dungeon (2/15)

Altars:


Innate Abilities, Weirdness & Mutations

You cannot wear boots.
Your serpentine skin is tough. (AC +1)
You have supernaturally acute eyesight. (SInv)
Armour fits poorly on your strangely shaped body.
Your system is resistant to poisons. (rPois)
You cover ground very slowly.
You have a slow metabolism.
You can spit poison.


Message History

You are poisoned.
The worker ant poisons you!
You completely miss the worker ant.
You feel sick. The worker ant bites you.
* * * LOW HITPOINT WARNING * * *
The worker ant bites you.
* * * LOW HITPOINT WARNING * * *
You hit the worker ant.
The worker ant is moderately wounded.
The worker ant closely misses you.
You hit the worker ant but do no damage.
The worker ant is moderately wounded.
You feel sick. The worker ant closely misses you. The worker ant bites you.
* * * LOW HITPOINT WARNING * * *
You hit the worker ant but do no damage.
The worker ant is moderately wounded.
The worker ant bites you but does no damage.
You hit the worker ant.
The worker ant is heavily wounded.
You feel sick. The worker ant bites you.
You die...

##########
#########
#........#
#$.......
#.######.# #a#
#.# #.# #@# #.#
#.#####.# #.#
#..†...#...#
###.#
#.(####.#......
.##.######..#
.#......
.........#..#
.# .####
###.........)
.. .#
#........... ..
. #..###.####.#
### ##


You could see a worker ant.

Vanquished Creatures
  Robin (D:2)
  An adder (D:2)
  3 oozes (D:1)
  2 dart slugs
  2 leopard geckos (D:1)
  3 bats (D:1)
  3 giant cockroaches (D:1)
  5 goblins
  4 hobgoblins
  3 kobolds (D:1)
  A quokka (D:2)
  A frilled lizard (D:1)
  5 rats
34 creatures vanquished.

Notes
Turn   | Place    | Note
-------+----------+-------------------------------------------
     0 | D:1      | lotte the Naga Skald began the quest for the Orb.
     0 | D:1      | Reached XP level 1. HP: 19/19 MP: 3/3
   447 | D:1      | Reached XP level 2. HP: 19/26 MP: 5/5
   451 | D:1      | Learned a level 2 spell: Shroud of Golubria
  1255 | D:1      | Reached skill level 1 in Armour
  1333 | D:1      | Reached XP level 3. HP: 32/32 MP: 2/6
  1950 | D:2      | Noticed Robin
  1977 | D:2      | Killed Robin
  1977 | D:2      | Reached XP level 4. HP: 18/40 MP: 2/7
  2528 | D:2      | Slain by a worker ant

Skill      XL: |  1  2  3 |
---------------+----------+-----
Armour         | 1 |  1.7
Dodging        | 2 |  2.0
Fighting       | |  2.3
Maces & Flails | |  2.7
Spellcasting   | |  2.4
Charms         | |  3.0
Translocations | |  0.6

Action                   |  1- 3 |  4- 6 || total
-------------------------+-------+-------++-------
Melee: Mace              |   105 |    31 ||   136
 Cast: Shroud of Golubri |    11 |     3 ||    14
       Infusion          |     1 |       ||     1
  Eat: Chunk             |     2 |       ||     2
       Ration            |       |     1 ||     1
Armor: Leather armour    |    12 |       ||    12
       Ring mail         |    26 |     8 ||    34
Dodge: Dodged            |    61 |    14 ||    75
